 Dungeon Crawl Stone Soup version 0.24-a0-115-gd155597 (console) character file.

Game seed: 10241558129346343893

35 Duffy the Chopper (level 3, 0/32 HPs)
             Began as a Naga Gladiator on Feb 17, 2019.
             Succumbed to a worker ant's poison
             ... on level 4 of the Dungeon.
             The game lasted 00:00:30 (203 turns).

Duffy the Chopper (Naga Gladiator)                   Turns: 203, Time: 00:00:31

Health: 0/32       AC:  3    Str: 16    XL:     3   Next: 33%
Magic:  3/3        EV: 10    Int:  9    God:
Gold:   0          SH:  0    Dex: 12    Spells: 2/2 levels left

rFire    . . .     SeeInvis +   a - +0 war axe
rCold    . . .     Gourm    .   (no shield)
rNeg     . . .     Faith    .   b - +0 leather armour
rPois    +         Spirit   .   c - +0 helmet
rElec    .         Reflect  .   (no cloak)
rCorr    .         Harm     .   (no gloves)
MR       .....                  (no barding)
Stlth    +.........             (no amulet)
HPRegen  0.10/turn              (no ring)
MPRegen  0.08/turn              (no ring)

@: lethally poisoned (0 -> -10), short of breath, very slow
A: large, see invisible, deformed body, poison resistance, slowness 2, slow
metabolism 1, spit poison 1, AC +1
a: Spit Poison


You were on level 4 of the Dungeon.
You were not hungry.

You visited 1 branch of the dungeon, and saw 4 of its levels.

Inventory:

Hand Weapons
 a - a +0 war axe (weapon)
Missiles
 d - 3 throwing nets (quivered)
Armour
 b - a +0 leather armour (worn)
 c - a +0 helmet (worn)
Wands
 g - a wand of iceblast (11)
Potions
 e - a potion of might {unknown}
Comestibles
 f - a ration
 h - 3 chunks of flesh


   Skills:
 - Level 2.0 Fighting
 + Level 4.3 Axes
 - Level 1.7 Throwing
 - Level 2.4 Dodging


You had 2 spell levels left.
You didn't know any spells.
Your spell library was empty.

Dungeon Overview and Level Annotations

Branches:
Dungeon (4/15)
 Temple: D:4-7

Altars:


Innate Abilities, Weirdness & Mutations

You cannot wear boots.
Your serpentine skin is tough. (AC +1)
You have supernaturally acute eyesight. (SInv)
Armour fits poorly on your strangely shaped body.
Your system is resistant to poisons. (rPois)
You cover ground very slowly.
You have a slow metabolism.
You can spit poison.


Message History

You hear the slow rusting of a distant drain.
A worker ant comes into view.
Found an escape hatch in the floor.
Press: ? - help, Shift-Dir - straight line, f - worker ant
Aim: a worker ant The splash of poison hits the worker ant.
The worker ant is poisoned.
The worker ant is moderately wounded.
You feel slightly more hungry.
You closely miss the worker ant.
The worker ant is heavily wounded.
The worker ant bites you.
You barely miss the worker ant.
The worker ant is severely wounded.
The worker ant bites you.
You are lethally poisoned!
The worker ant poisons you! The worker ant bites you.
You closely miss the worker ant.
The worker ant is severely wounded.
You die...

#... #..#.# ..# ....##
....####... ......
....#..... .....
....#..# #...###
#.....## #..#.###
##......#..
#.....###..........
##......##<........
#.@###...#......#..
#....a..##...))........
#....#.####..##.#......
...#.#..# ##.#..#......
..... ..# #.^.........
...# .#.> ...##.......
... .### .... .......
.. .. ....[ .... ...
.....


You could see a worker ant.

Vanquished Creatures
  Ijyb (D:4)
  A dart slug (D:2)
  An orc (D:4)
  A bat (D:2)
  A hobgoblin (D:2)
  A kobold (D:2)
  2 rats (D:2)
8 creatures vanquished.

Notes
Turn   | Place    | Note
-------+----------+-------------------------------------------
     0 | D:1      | Duffy the Naga Gladiator began the quest for the Orb.
     0 | D:1      | Reached XP level 1. HP: 19/19 MP: 1/1
    56 | D:2      | Reached XP level 2. HP: 23/26 MP: 2/2
    93 | D:2      | You fall through a shaft!
   107 | D:4      | Noticed Ijyb
   118 | D:4      | Killed Ijyb
   118 | D:4      | Reached skill level 4 in Axes
   118 | D:4      | Reached XP level 3. HP: 4/32 MP: 3/3
   203 | D:4      | Succumbed to a worker ant's poison

Levels and vault maps discovered:
D:1:      minmay_arrival_hallway, layout_basic, chequers_avenue, chequers_jeans
D:2:      layout_rooms, nicolae_dithmenos_shadow_blocks, first_ration
D:3:      layout_basic, lemuel_crystal_altar, bloody_trog, uniq_sigmund
D:4:      layout_cave_pools, portal_sewer_entry_a, uniq_ijyb, uniq_edmund

Skill      XL: |  1  2 |
---------------+-------+-----
Axes           | 4 |  4.3
Fighting       | |  2.0
Throwing       | |  1.7
Dodging        | |  2.4

Action                   || total
-------------------------++-------
Melee: War axe           ||    20
 Abil: Spit Poison       ||     3
Armor: Leather armour    ||     3
Dodge: Dodged            ||    15

Table legend:
 A = Non-vault XP
 B = Vault XP
 C = Vault XP percentage of total XP
 D = Non-vault monster count
 E = Vault monster count
 F = Vault count percentage of total count
                 A         B        C        D         E       F
            +---------+---------+-------+---------+---------+-------
      Total |      14 |      36 |  72.0 |       7 |       1 |  12.5
            +---------+---------+-------+---------+---------+-------
        D:2 |      11 |       0 |   0.0 |       6 |       0 |   0.0
        D:4 |       3 |      36 |  92.3 |       1 |       1 |  50.0
            +---------+---------+-------+---------+---------+-------
